 Dungeon Crawl Stone Soup version 0.28-a0-683-ga8797d1ae1 (webtiles) character file.

Game seed: 16278831587345765431

23474 KoroneIsBestGirl the Protected (level 13, -12/95 (103) HPs)
             Began as a Barachi Ice Elementalist on Oct 19, 2021.
             Was an Initiate of Gozag.
             Mangled by a sun demon (27 damage)
             ... on level 2 of the Abyss.
             The game lasted 00:36:52 (16170 turns).

KoroneIsBestGirl the Protected (BaIE)              Turns: 16170, Time: 00:36:53

HP:   -12/95 (103)  AC: 17    Str: 15    XL:     13   Next: 6%
MP:   33/36         EV: 12    Int: 22    God:    Gozag
Gold: 979           SH:  0    Dex: 16    Spells: 21/32 levels left

rFire   x . .      SeeInvis +   W - +8 triple sword of Ancient Evil {freeze, Dex+2 SInv}
rCold   + + .      Faith    .   (shield currently unavailable)
rNeg    . . .      Spirit   .   s - +1 scale mail of the Meadowlark {rC+ Regen+ Str+3}
rPois   .          Reflect  .   (no helmet)
rElec   .          Harm     .   P - +2 cloak
rCorr   .          Rampage  .   w - +0 pair of gloves of Dumiergh {Str+3}
Will    .....                   x - +0 pair of boots
Stlth   +.........              p - amulet of magic regeneration
HPRegen 1.25/turn               G - ring "Romnedint" {MP+9 Int+2 Slay+2}
MPRegen 0.50/turn               C - ring of ice

@: freezing walls, drained, slow
A: amphibious, slowness 1, strong legs 2, +LOS
a: Hop, Renounce Religion, Potion Petition, Call Merchant, Bribe Branch


You were on level 2 of the Abyss.
You worshipped Gozag.
Gozag was pleased with you.
You visited 2 branches of the dungeon, and saw 14 of its levels.
You visited the Abyss 1 time.

You collected 2263 gold pieces.
You spent 764 gold pieces at shops.
You paid 520 gold pieces to Gozag.

Inventory:

Hand Weapons
 e - a +0 dagger
 k - a +0 short sword of electrocution
 n - a +2 dagger of flaming
 N - a +0 club
 S - a +2 scimitar of flaming
 W - the +8 triple sword of Ancient Evil (weapon) {freeze, Dex+2 SInv}
   (You bought it in a shop on level 12 of the Dungeon)

   It freezes those it strikes, dealing additional cold damage.
   It can also slow down cold-blooded creatures.
   Dex:       It affects your dexterity (+2).
   SInv:      It lets you see invisible.
Missiles
 Q - a throwing net
Armour
 s - the +1 scale mail of the Meadowlark (worn) {rC+ Regen+ Str+3}
   (You found it on level 4 of the Dungeon)

   Str:       It affects your strength (+3).
   rC:        It protects you from cold.
   Regen:     It increases your rate of health regeneration.
 w - the +0 pair of gloves of Dumiergh (worn) {Str+3}
   (You found it on level 6 of the Dungeon)

   Str:       It affects your strength (+3).
 x - a +0 pair of boots (worn)
 H - the -3 buckler "Idea" {Int+5}
   (You bought it in a shop on level 7 of the Dungeon)

   Int:       It affects your intelligence (+5).
 P - a +2 cloak (worn)
Jewellery
 b - a ring of protection from fire
 p - an amulet of magic regeneration (around neck)
 r - a +6 ring of dexterity
 y - a ring of fire
 C - a ring of ice (right hand)
 D - a ring of fire
 E - a ring of fire
 G - the ring "Romnedint" (left hand) {MP+9 Int+2 Slay+2}
   (You found it on level 10 of the Dungeon)

   [ring of magical power]

   Int:       It affects your intelligence (+2).
   Slay:      It affects your accuracy & damage with ranged weapons and melee
   (+2).
   MP:        It affects your magic capacity (+9).
 J - a ring of poison resistance
 U - a +6 ring of strength
Wands
 u - a wand of charming (8)
 v - a wand of mindburst (15)
 O - a wand of flame (15)
Scrolls
 a - a scroll of summoning {unknown}
 d - a scroll of silence
 h - 3 scrolls of fog
 i - 9 scrolls of enchant armour
 j - 6 scrolls of noise
 l - 4 scrolls of immolation
 m - 3 scrolls of magic mapping
 o - 3 scrolls of fear
 q - 3 scrolls of amnesia
 B - 2 scrolls of blinking
 F - a scroll of brand weapon
 L - 4 scrolls of identify
 M - a scroll of vulnerability {unknown}
 R - 2 scrolls of torment {unknown}
Potions
 c - 8 potions of curing
 f - 3 potions of degeneration
 z - a potion of might {unknown}
 I - a potion of flight
 K - 3 potions of mutation {unknown}
 T - 3 potions of attraction {unknown}
 V - a potion of berserk rage {unknown}
Miscellaneous
 A - a box of beasts (inert) (quivered)


   Skills:
 * Level 10.1 Fighting
 * Level 6.6 Long Blades
 - Level 14.1 Armour
 - Level 5.0 Dodging
 - Level 1.7 Stealth
 - Level 4.0 Shields
 - Level 10.0 Spellcasting
 - Level 13.0 Ice Magic


You had 21 spell levels left.
You knew the following spells:

 Your Spells              Type           Power      Damage    Failure   Level
a - Freeze                Ice            100%       1d11      1%          1
b - Ozocubu's Armour      Ice            80%        N/A       1%          3
c - Frozen Ramparts       Ice            100%       1d12      1%          3
d - Hailstorm             Conj/Ice       56%        3d12      11%         4

Your spell library contained the following spells:

 Spells                   Type           Power      Damage    Failure   Level
 Dazzling Flash           Conj/Hex       22%        N/A       43%         3
 Ozocubu's Refrigeration  Ice            40%        4d13      54%         7
 Leda's Liquefaction      Hex/Erth       5%         N/A       83%         4
 Olgreb's Toxic Radiance  Pois           11%        N/A       83%         4
 Summon Lightning Spire   Summ/Air       11%        N/A       83%         4
 Agony                    Necr           11%        N/A       99%         5
 Alistair's Intoxication  Tmut/Pois      7%         N/A       99%         5
 Borgnjor's Vile Clutch   Necr/Erth      5%         N/A       99%         5
 Lee's Rapid Deconstruct  Erth           5%         3d7*      99%         5
 Silence                  Hex/Air        5%         N/A       99%         5
 Eringya's Noxious Bog    Tmut/Pois      5%         N/A       100%        6
 Statue Form              Tmut/Erth      7%         N/A       100%        6
 Storm Form               Tmut/Air       5%         N/A       100%        7
 Ignition                 Fire           5%         3d4       100%        8
 Maxwell's Capacitive Co  Air            5%         ∞         100%        8


Dungeon Overview and Level Annotations

Branches:
Dungeon (13/15)            Temple (1/1) D:5            Lair (0/6) D:9
    Orc (0/2) D:12
 Vaults: D:13-14

Altars:
Ashenzari
Cheibriados
Dithmenos
Elyvilon
Fedhas
Gozag
Hepliaklqana
Kikubaaqudgha
Makhleb
Nemelex Xobeh
Okawaru
Qazlal
Ru
Sif Muna
Trog
Uskayaw
Vehumet
Wu Jian
Xom
Yredelemnul
Zin
The Shining One

Shops:
D:7 [   D:12 ((


Innate Abilities, Weirdness & Mutations

You are amphibious.
You cover ground slowly.
You can hop long distances.
You have an extended range of vision and can be seen from far away.


Message History

You feel a surge of power!
You freeze the large abomination!
You destroy the large abomination!
Magic restored.
The frozen ramparts melt away.
A smoke demon comes into view.
You now have 979 gold pieces (gained 15).
A starcursed mass comes into view.
The starcursed mass shrieks in your mind.
A starcursed mass splits.
A sun demon comes into view.
The sun demon shouts!
A small abomination comes into view.
The starcursed mass shrieks in your mind.
A starcursed mass splits.
Casting: Freeze (safe; 1% risk of failure)
Confirm with . or Enter, or press ? or * to list all spells.
Casting: Frozen Ramparts (safe; 1% risk of failure)
Press: ? - help, Dir - look around, f - activate You feel a surge of power!
The walls around you are covered in ice.
The sun demon is frozen!
The wall freezes the sun demon!
The sun demon hits you!!
You are engulfed in flames!!
The fire burns you terribly!
The wall freezes the small abomination!
Okay, then.
Okay, then.
Casting: Frozen Ramparts (safe; 1% risk of failure)
Confirm with . or Enter, or press ? or * to list all spells.
Aiming: Freeze (safe; 1% risk of failure)
Press: ? - help, Shift-Dir - straight line, f - sun demon
Aim: a sun demon (lightly wounded)
You feel a surge of power!
You freeze the sun demon.
The sun demon is frozen!
The sun demon is moderately wounded.
The sun demon is frozen!
The wall freezes the sun demon.
The sun demon closely misses you.
The wall freezes the small abomination!
The sun demon is frozen!
The wall freezes the sun demon!
The sun demon hits you!!
* * * LOW HITPOINT WARNING * * *
You are engulfed in flames!!
The fire burns you terribly!
You die...
Your body crumbles into a pile of gold.

...# . #.## # 3# ..
#.. # # ## . # .
...#..##. § . ..#..#.
#..# # # ##. .#$##..
.#. #.#.#..#.#. . ##
.# # .....#.... § .
..§.#. ### #.#...##
## #.... .##@##
...#.§.## # ..
#x3##.. .#..... ...
.#.#.#.#.#.#......#..
.# .......#.###§.
.....#..
#...#....##..#
....##. ##..
.#.####.# ##.#
.x.....###X#. ## ##
....... #.#X§#.#
.##.... #...## #


You could see a sun demon and a small abomination.

Vanquished Creatures
  Frances (D:12)
  A blizzard demon (Abyss:2)
  Josephine (D:12)
  Erica (D:11)
  4 two-headed ogres
  A tengu warrior (D:10)
  3 skeletal warriors (D:12)
  3 ugly things
  An iron dragon zombie (Abyss:2)
  A cyclops (D:11)
  2 manticores (D:12)
  An orange demon (Abyss:2)
  A gargoyle (D:11)
  4 kobold demonologists
  A komodo dragon (D:10)
  A tengu conjurer (D:10)
  A large abomination (Abyss:2)
  3 trolls
  Prince Ribbit (D:7)
  A hornet (D:7)
  2 raiju (Abyss:2)
  6 wraiths
  2 vampires (D:12)
  A wyvern (D:10)
  18 yaks
  A small abomination (Abyss:2)
  Eustachio (D:4)
  4 vampire mosquitoes (D:12)
  An acid dragon (D:11)
  A water moccasin (D:7)
  4 hell hounds (Abyss:2)
  5 orc warriors
  A sky beast (D:7)
  A black bear (D:6)
  2 necrophages
  3 ogres
  2 phantoms
  A centaur (D:11)
  3 kobold brigands
  4 bullfrogs
  2 gnoll sergeants (D:11)
  4 scorpions
  A water moccasin zombie (D:5)
  A water moccasin skeleton (D:4)
  3 wights (D:7)
  11 killer bees (D:9)
  2 howler monkeys
  A bullfrog zombie (D:6)
  3 centaur zombies
  4 hounds
  A gnoll shaman (D:6)
  4 orc priests
  2 jellies
  2 bullfrog skeletons (D:6)
  A centaur skeleton (D:6)
  6 iguanas
  14 orc wizards
  A scorpion zombie (D:5)
  A howler monkey zombie (D:9)
  8 adders
  24 gnolls
  A shadow imp (D:5)
  2 worms
  6 dart slugs
  47 orcs
  5 ball pythons
  5 endoplasms
  3 giant cockroaches (D:1)
  5 goblins
  5 hobgoblins
  4 jackals (D:2)
  6 quokkas
  9 bats
  4 frilled lizards
  31 kobolds
  A quokka skeleton (D:4)
  9 rats
335 creatures vanquished.

Vanquished Creatures (others)
  68 plants
68 creatures vanquished.

Grand Total: 403 creatures vanquished

Notes
Turn   | Place    | Note
-------+----------+-------------------------------------------
     0 | D:1      | KoroneIsBestGirl the Barachi Ice Elementalist began the
                  | quest for the Orb.
     0 | D:1      | Reached XP level 1. HP: 13/13 MP: 3/3
    89 | D:1      | Reached skill level 5 in Ice Magic
   109 | D:1      | Reached XP level 2. HP: 6/19 MP: 1/5
   547 | D:1      | Reached XP level 3. HP: 5/24 MP: 0/6
  1624 | D:1      | Learned a level 3 spell: Ozocubu's Armour
  1639 | D:1      | Learned a level 3 spell: Frozen Ramparts
  1862 | D:2      | Reached XP level 4. HP: 27/30 MP: 2/8
  1959 | D:2      | Found a faded altar of an unknown god.
  2846 | D:3      | Reached XP level 5. HP: 35/35 MP: 0/9
  3413 | D:3      | Reached XP level 6. HP: 17/41 MP: 3/12
  3866 | D:3      | Learned a level 4 spell: Hailstorm
  3916 | D:4      | Found a snail-covered altar of Cheibriados.
  4446 | D:4      | Noticed Eustachio
  4455 | D:4      | Killed Eustachio
  4456 | D:4      | Reached XP level 7. HP: 38/46 MP: 4/13
  4971 | D:4      | Identified the +1 scale mail of the Meadowlark {rC+ Regen+
                  | Str+3}
  5103 | D:4      | Reached skill level 1 in Armour
  5103 | D:4      | Reached skill level 5 in Dodging
  5241 | D:5      | Entered Level 5 of the Dungeon
  5280 | D:5      | Found an ancient bone altar of Kikubaaqudgha.
  5283 | D:5      | Found a bloodstained altar of Trog.
  5284 | D:5      | Found a white marble altar of Elyvilon.
  5285 | D:5      | Found a hazy altar of Hepliaklqana.
  5286 | D:5      | Found a sparkling altar of Nemelex Xobeh.
  5330 | D:5      | Reached skill level 2 in Armour
  5447 | D:5      | Reached skill level 3 in Armour
  5447 | D:5      | Reached skill level 5 in Spellcasting
  5480 | D:5      | Found a blossoming altar of Fedhas.
  5622 | D:5      | Found a staircase to the Ecumenical Temple.
  5652 | Temple   | Entered the Ecumenical Temple
  5683 | Temple   | Became a worshipper of Gozag Ym Sagoz the Greedy
  5735 | D:5      | Reached skill level 4 in Armour
  5735 | D:5      | Reached XP level 8. HP: 52/52 MP: 15/15
  6332 | D:5      | Found a glowing silver altar of Zin.
  6350 | D:5      | Noticed a two-headed ogre
  6357 | D:5      | Reached skill level 5 in Armour
  6580 | D:5      | Killed a two-headed ogre
  6581 | D:5      | Reached skill level 7 in Armour
  6581 | D:5      | Reached XP level 9. HP: 43/57 MP: 8/18
  6839 | D:6      | Identified the +0 pair of gloves of Dumiergh {Str+3}
  7157 | D:6      | Reached skill level 8 in Armour
  7467 | D:6      | Found a sacrificial altar of Ru.
  7730 | D:7      | Noticed Prince Ribbit
  7744 | D:7      | Killed Prince Ribbit
  7745 | D:7      | Reached skill level 9 in Armour
  7821 | D:7      | Found an ornate altar of the Wu Jian Council.
  8067 | D:7      | Reached skill level 10 in Ice Magic
  8264 | D:7      | Reached XP level 10. HP: 63/63 MP: 18/21
  8510 | D:7      | Reached skill level 10 in Armour
  8788 | D:7      | Found Baodaf's Antique Armour Shop.
  8793 | D:7      | Bought an encrusted buckler for 209 gold pieces
  8793 | D:7      | Identified the -3 buckler "Idea" {Int+5} (You bought it in
                  | a shop on level 7 of the Dungeon)
  9338 | D:7      | Paralysed by a hornet for 2 turns
  9343 | D:7      | Reached skill level 1 in Shields
  9714 | D:8      | Noticed a two-headed ogre
  9723 | D:8      | Killed a two-headed ogre
 10362 | D:8      | Found a shimmering blue altar of Sif Muna.
 10440 | D:9      | Found a staircase to the Lair.
 10480 | D:9      | Noticed a kobold demonologist
 10483 | D:9      | Noticed an orange demon
 10485 | D:9      | Killed a kobold demonologist
 10922 | D:9      | Reached skill level 11 in Armour
 11026 | D:9      | Reached XP level 11. HP: 31/68 MP: 23/23
 11125 | D:9      | Reached skill level 12 in Armour
 11537 | D:10     | Entered Level 10 of the Dungeon
 11565 | D:10     | Identified the ring "Romnedint" {MP+9 Int+2 Slay+2}
 11628 | D:10     | Found a burning altar of Makhleb.
 11725 | D:10     | Noticed a tengu warrior
 11738 | D:10     | Killed a tengu warrior
 11739 | D:10     | Reached skill level 13 in Armour
 11892 | D:10     | Noticed a two-headed ogre
 11904 | D:10     | Killed a two-headed ogre
 12390 | D:11     | Noticed a cyclops
 12416 | D:11     | Killed a cyclops
 12536 | D:11     | Noticed Erica
 12548 | D:11     | Killed Erica
 12752 | D:11     | Noticed a cyan ugly thing
 12766 | D:11     | Killed a cyan ugly thing
 12767 | D:11     | Reached skill level 14 in Armour
 12875 | D:11     | Reached skill level 1 in Fighting
 12878 | D:11     | Reached XP level 12. HP: 78/78 MP: 25/25
 13126 | D:12     | Found Syzeulo's Antique Weapon Shoppe.
 13196 | D:12     | Reached skill level 10 in Spellcasting
 13315 | D:12     | Noticed a two-headed ogre
 13344 | D:12     | Killed a two-headed ogre
 13348 | D:12     | Reached skill level 5 in Fighting
 14205 | D:12     | Noticed Josephine
 14223 | D:12     | Killed Josephine
 14926 | D:12     | Bought a fading triple sword for 555 gold pieces
 14926 | D:12     | Identified the +8 triple sword of Ancient Evil {freeze,
                  | Dex+2 SInv} (You bought it in a shop on level 12 of the
                  | Dungeon)
 14939 | D:12     | Reached skill level 1 in Long Blades
 15222 | D:12     | Noticed Frances
 15249 | D:12     | Killed Frances
 15330 | D:12     | Found a staircase to the Orcish Mines.
 15793 | D:13     | Cast into level 2 of the Abyss (a wizard)
 15869 | Abyss:2  | Reached skill level 5 in Long Blades
 15879 | Abyss:2  | Noticed a blizzard demon
 15885 | Abyss:2  | Killed a blizzard demon
 15959 | Abyss:2  | Noticed a dread lich
 15968 | Abyss:2  | Gained mutation: You can hop long distances. [Barachi
                  | growth]
 15968 | Abyss:2  | Reached XP level 13. HP: 82/102 MP: 27/27
 15969 | Abyss:2  | Paralysed by a dread lich for 2 turns
 15973 | Abyss:2  | Paralysed by a dread lich for 4 turns
 15976 | Abyss:2  | Noticed a blizzard demon
 15985 | Abyss:2  | Noticed a lorocyproca
 15988 | Abyss:2  | Noticed a tentacled starspawn
 15990 | Abyss:2  | Noticed a Brimstone Fiend
 15998 | Abyss:2  | Noticed a tentacled starspawn
 16003 | Abyss:2  | HP: 2/90 [dread lich (5)]
 16119 | Abyss:2  | Reached skill level 10 in Fighting
 16161 | Abyss:2  | Noticed a starcursed mass
 16170 | Abyss:2  | Mangled by a sun demon

Illustrated notes

Levels and vault maps discovered:
D:1:      roderic_crop_circles_arrival_small, layout_loops_ring
D:2:      layout_basic, basic_ecumenical_altar
D:3:      layout_basic
D:4:      layout_loops_ring, cheibriados_altar_1, uniq_eustachio
D:5:      minmay_clustersquares, layout_layer_cave,
          nicolae_kikubaaqudgha_miasma_corner, mainiacjoe_overflow_brackets,
          zin_treasury, chequers_temple_overflow_statue_of_worship,
          minmay_temple_entry_junction
D:6:      minmay_octagon_keep, layout_loops_ring, nicolae_ru_path_of_blood
D:7:      layout_layer_cave, nzn_wu_jian_contemplation, serial_shops,
          kennysheep_little_box, roderic_lattice_a, minmay_puff,
          uniq_prince_ribbit1
D:8:      layout_loops_ring, nicolae_sif_muna_little_library
D:9:      kennysheep_kobold_camp, layout_gridville, dpeg_oklobed_lair
D:10:     layout_roguey, mainiacjoe_overflow_boulevard
D:11:     layout_basic, uniq_erica
D:12:     layout_basic, hiddenorc1_lemuel, serial_shops,
          nicolae_shop_overgrown_old_shop, uniq_josephine, uniq_frances
D:13:     layout_basic, nicolae_ashenzari_panopticon
Temple:   compressed_dpeg_circular_temple
Abyss:2:  base: D:11, evilmike_abyss_exit_13

Skill      XL: |  1  2  3  4  5  6  7  8  9 10 11 12 13 |
---------------+----------------------------------------+-----
Ice Magic      | 5 6 7 8 10 11 12 13 | 13.0
Dodging        | 3 4 5 |  5.0
Spellcasting   | 3 4 5 6 7 8 9 10 | 10.0
Armour         | 4 7 9 11 14 | 14.1
Shields        | 4 |  4.0
Fighting       | 2 9 10 | 10.1
Long Blades    | 6 |  6.6
Stealth        | |  1.7

Action                   |  1- 3 |  4- 6 |  7- 9 | 10-12 | 13-15 || total
-------------------------+-------+-------+-------+-------+-------++-------
Melee: Unarmed           |    42 |       |       |       |       ||    42
       Dagger            |     5 |    34 |   226 |   144 |       ||   409
       Short sword       |       |    12 |       |       |       ||    12
       Scimitar          |       |       |       |    56 |       ||    56
       Triple sword      |       |       |       |    52 |    26 ||    78
 Cast: Freeze            |    56 |    53 |    61 |   117 |     3 ||   290
       Frozen Ramparts   |       |     9 |    20 |    63 |     4 ||    96
       Ozocubu's Armour  |       |     2 |     6 |    33 |     1 ||    42
Invok: Call Merchant     |       |       |       |     1 |       ||     1
 Abil: Hop               |       |     2 |     2 |     8 |     1 ||    13
Evoke: Box of beasts     |       |       |     1 |     1 |       ||     2
  Use: Scroll            |       |     1 |     7 |     7 |     1 ||    16
       Potion            |       |       |       |     2 |     1 ||     3
 Stab: Distracted        |       |       |       |     1 |     1 ||     2
Armor: Robe              |    13 |    21 |     1 |       |       ||    35
       Scale mail        |       |       |   108 |   299 |    26 ||   433
Dodge: Dodged            |    50 |    76 |   155 |   251 |    17 ||   549
Block: Buckler           |       |       |       |    27 |       ||    27

Table legend: (Time is in decaauts)
 A = Elapsed time spent in this place.
 B = Non-inter-level travel time spent in this place.
 C = Inter-level travel time spent in this place.
 D = Time resting spent in this place.
 E = Time spent auto-exploring this place.
 F = Levels seen in this place.
 G = Mean time per level.
                   A        B        C        D        E       F      G
               +--------+--------+--------+--------+--------+-----+--------+
         Total |  17951 |  17252 |    699 |   2494 |  11606 |  15 | 1196.7 |
       Dungeon |  17477 |  16824 |    653 |   2427 |  11476 |  13 | 1344.4 |
        Temple |     67 |     22 |     45 |      0 |     16 |   1 |   67.0 |
         Abyss |    406 |    406 |      0 |     67 |    113 |   1 |  406.0 |
               +--------+--------+--------+--------+--------+-----+--------+

Top non-repeatable levels by time:
    D:12: 2918 daAuts
     D:1: 1961 daAuts
     D:7: 1860 daAuts
     D:5: 1713 daAuts
     D:4: 1504 daAuts
     D:6: 1403 daAuts
     D:3: 1300 daAuts
     D:9: 1270 daAuts
    D:11: 1001 daAuts
     D:2: 914 daAuts
     D:8: 865 daAuts
    D:10: 751 daAuts
 Abyss:2: 406 daAuts
  Temple: 67 daAuts
    D:13: 13 daAuts
